 Dungeon Crawl Stone Soup version 0.23.1 (webtiles) character file.

Game seed: 6892524697266271475

269918 vishdafish the Blocker (level 20, -11/176 HPs)
             Began as a Gnoll Fighter on Mar 1, 2019.
             Was an Initiate of Gozag.
             Mangled by a red ugly thing (20 damage)
             ... while paralysed
             ... on level 4 of the Vaults.
             The game lasted 01:35:39 (43572 turns).

vishdafish the Blocker (Gnoll Fighter)             Turns: 43572, Time: 01:35:40

Health: -11/176    AC: 19    Str: 21    XL:     20   Next: 60%
Magic:  37/37      EV:  2    Int: 16    God:    Gozag
Gold:   5916       SH:  0    Dex: 16    Spells: 38/45 levels left

rFire    . . .     SeeInvis +   T - +10 zealot's sword {holy, *Rage rN+ EV+3}
rCold    + . .     Gourm    .   c - +0 shield
rNeg     + . .     Faith    .   G - +7 Kryia's mail coat {PotionHeal*2 rC+}
rPois    +         Spirit   .   S - +1 hat
rElec    .         Reflect  .   l - +2 cloak {rPois}
rCorr    .         Harm     .   (no gloves)
MR       +....     Rnd*Rage +   w - +0 pair of boots {run}
Stlth    ++++......             v - amulet of magic regeneration
HPRegen  0.39/turn              C - +2 ring of evasion
MPRegen  0.50/turn              g - ring of see invisible

@: paralysed, marked, corroded, gold aura, berserk cooldown, slowed, quick
A: distributed training, antennae 1, fangs 1, talons 1, robust 1, strong nose
}: 1/15 runes: gossamer
a: Potion Petition, Call Merchant, Bribe Branch, Renounce Religion


You were on level 4 of the Vaults.
You worshipped Gozag.
Gozag was greatly pleased with you.
You were hungry.

You visited 6 branches of the dungeon, and saw 32 of its levels.
You also visited: Volcano.

You collected 13591 gold pieces.
You spent 5714 gold pieces at shops.
You paid 1961 gold pieces to Gozag.

Inventory:

Hand Weapons
 T - the +10 zealot's sword (weapon) {holy, *Rage rN+ EV+3}
   (You bought it in a shop on level 5 of the Dungeon)

   It has been blessed by the Shining One to cause great damage to the undead
   and demons.
   It affects your evasion (+3).
   It protects you from negative energy.
   It may make you go berserk in combat.
 W - the +11 trident of Insufficient Pleasure {pain, Str+4}
   (You took it off a spriggan on level 11 of the Dungeon)

   In the hands of one skilled in necromantic magic, it inflicts extra damage on
   living creatures.
   It affects your strength (+4).
Missiles
 z - 3 javelins (quivered)
Armour
 c - a +0 shield (worn)
 l - a +2 cloak of poison resistance (worn)
 w - a +0 pair of boots of running (worn)
 G - the +7 Kryia's mail coat (worn) {PotionHeal*2 rC+}
   (You bought it in a shop on level 10 of the Dungeon)

   It protects you from cold.
 S - a +1 hat (worn)
Jewellery
 g - a ring of see invisible (right hand)
 v - an amulet of magic regeneration (around neck)
 C - a +2 ring of evasion (left hand)
 F - an uncursed ring of protection from fire
 R - an uncursed ring of resist corrosion
Wands
 s - a wand of digging (1)
Scrolls
 b - 5 scrolls of random uselessness {unknown}
 d - a scroll of torment {unknown}
 e - 4 scrolls of brand weapon
 h - 2 scrolls of fog
 j - 2 scrolls of blinking
 m - 6 scrolls of enchant weapon
 o - 2 scrolls of holy word {unknown}
 p - 7 scrolls of teleportation
 q - 12 scrolls of remove curse
 u - 5 scrolls of amnesia
 y - a scroll of identify
 A - 9 scrolls of enchant armour
 D - 3 scrolls of fear
 E - 9 scrolls of magic mapping
 K - 3 scrolls of acquirement {unknown}
 M - 4 scrolls of immolation {unknown}
 V - 3 scrolls of silence
 Z - a scroll of vulnerability {unknown}
Potions
 a - a potion of might
 i - 6 potions of curing
 k - 6 potions of haste
 n - 3 potions of brilliance
 x - 6 potions of cancellation
 B - a potion of magic
 H - 5 potions of agility
 L - a potion of invisibility
 P - 5 potions of ambrosia
 Q - 4 potions of resistance
 X - 5 potions of flight
 Y - a potion of mutation
Miscellaneous
 I - 2 phantom mirrors
 N - a lamp of fire
 O - a phial of floods
 U - a fan of gales
Comestibles
 f - 16 rations


   Skills:
 + Level 14.5 Fighting
 + Level 13.2 Short Blades
 + Level 13.9 Long Blades
 + Level 13.2 Axes
 + Level 13.2 Maces & Flails
 + Level 13.2 Polearms
 + Level 13.2 Staves
 + Level 13.2 Slings
 + Level 13.2 Bows
 + Level 13.2 Crossbows
 + Level 13.2 Throwing
 + Level 14.5 Armour
 + Level 13.2 Dodging
 + Level 13.2 Stealth
 + Level 14.5 Shields
 + Level 13.2 Unarmed Combat
 + Level 13.2 Spellcasting
 + Level 11.4 Conjurations
 + Level 11.4 Hexes
 + Level 11.4 Charms
 + Level 11.4 Summonings
 + Level 11.4 Necromancy
 + Level 11.4 Translocations
 + Level 11.4 Transmutations
 + Level 11.4 Fire Magic
 + Level 11.4 Ice Magic
 + Level 11.4 Air Magic
 + Level 11.4 Earth Magic
 + Level 11.4 Poison Magic
 + Level 14.3 Invocations
 + Level 13.2 Evocations


You had 38 spell levels left.
You knew the following spells:

 Your Spells              Type           Power        Failure   Level  Hunger
a - Blink                 Tloc           N/A          1%          2    None
b - Song of Slaying       Chrm           #####...     1%          2    None
c - Tukima's Dance        Hex            #####...     1%          3    None

Your spell library contained the following spells:

 Spells                   Type           Power        Failure   Level  Hunger
 Apportation              Tloc           #####.       1%          1    None
 Infusion                 Chrm           ####         1%          1    None
 Magic Dart               Conj           ####         1%          1    None
 Sting                    Conj/Pois      ####         1%          1    None
 Summon Butterflies       Summ           #####...     1%          1    None
 Summon Small Mammal      Summ           ####         1%          1    None
 Call Imp                 Summ           #####...     1%          2    None
 Poisonous Vapours        Pois/Air       #####.       1%          2    None
 Shroud of Golubria       Chrm/Tloc      #####.....   1%          2    None
 Slow                     Hex            #####...     1%          2    None
 Call Canine Familiar     Summ           #####...     1%          3    None
 Conjure Flame            Conj/Fire      #####...     1%          3    None
 Gell's Gravitas          Tloc           #####.....   1%          3    None
 Lesser Beckoning         Tloc           #####.....   1%          3    None
 Mephitic Cloud           Conj/Pois/Air  #####...     1%          3    None
 Regeneration             Chrm/Necr      #####.....   1%          3    None
 Spectral Weapon          Hex/Chrm       #####...     1%          3    None
 Summon Guardian Golem    Hex/Summ       #####...     1%          3    None
 Teleport Other           Tloc           #####...     1%          3    None
 Olgreb's Toxic Radiance  Pois           #####...     1%          4    ##.....
 Passage of Golubria      Tloc           N/A          1%          4    ##.....
 Summon Ice Beast         Ice/Summ       #####...     1%          4    ##.....
 Summon Lightning Spire   Summ/Air       #####...     1%          4    ##.....
 Alistair's Intoxication  Tmut/Pois      #####...     3%          5    ####...
 Bolt of Magma            Conj/Fire/Erth #####.....   3%          5    ####...
 Irradiate                Conj/Tmut      #####.....   3%          5    ####...
 Iskenderun's Battlesphe  Conj/Chrm      #####...     3%          5    ####...
 Venom Bolt               Conj/Pois      #####.....   3%          5    ####...
 Freezing Cloud           Conj/Ice/Air   #####.....   21%         6    ######.
 Hydra Form               Tmut           #####.....   21%         6    ######.
 Invisibility             Hex            #####...     21%         6    ######.
 Iron Shot                Conj/Erth      #####.....   21%         6    ######.
 Statue Form              Tmut/Erth      #####....    21%         6    ######.
 Dragon Form              Tmut           #####.....   73%         7    #######
 Orb of Destruction       Conj           #####.....   73%         7    #######
 Ring of Flames           Chrm/Fire      #####.....   73%         7    #######
 Spellforged Servitor     Conj/Summ      #####.....   73%         7    #######


Dungeon Overview and Level Annotations

Branches:
Dungeon (15/15)            Temple (1/1) D:7            Lair (6/6) D:8
 Shoals (0/4) Lair:3       Spider (4/4) Lair:3        Slime (0/5) Lair:5
    Orc (2/2) D:12            Elf (0/3) Orc:2        Vaults (4/5) D:14
  Crypt (0/3) Vaults:2     Depths (0/5) D:15

Altars:
Ashenzari
Cheibriados
Dithmenos
Elyvilon
Fedhas
Gozag
Hepliaklqana
Kikubaaqudgha
Makhleb
Nemelex Xobeh
Okawaru
Qazlal
Ru
Sif Muna
Trog
Uskayaw
Vehumet
Wu Jian
Xom
Yredelemnul
Zin
The Shining One
Beogh

Shops:
D:5 (   D:10 [   D:13 [   D:14 %   D:15 [   Orc:2 (=(**   Vaults:1 %[
Vaults:2 *}%

Annotations:
Lair:3 1 transporter


Innate Abilities, Weirdness & Mutations

Your experience applies equally to all skills.
You have very sharp teeth.
Your uncanny sense of smell can sniff out nearby items.
You have a pair of small antennae on your head.
You have sharp toenails.
You are robust. (+10% HP)


Message History

The red ugly thing is no longer distracted by gold. x2
The red ugly thing headbutts you but does no damage.
The freezing wraith becomes distracted by the nearby gold, dreaming of imaginary riches.
The ironbrand convoker becomes distracted by the nearby gold, dreaming of imaginary riches.
The two-headed ogre hits you with a +0 giant spiked club!
* * * LOW HITPOINT WARNING * * *
The two-headed ogre hits you with a +0 giant club!
* * * LOW HITPOINT WARNING * * *
The red ugly thing becomes distracted by the nearby gold, dreaming of imaginary riches.
The human changes into a yak!
The freezing wraith is no longer distracted by gold.
The ironbrand convoker is no longer distracted by gold.
The cyan ugly thing is no longer distracted by gold.
The brown ugly thing is no longer distracted by gold.
The red ugly thing becomes distracted by the nearby gold, dreaming of imaginary riches.
The red ugly thing headbutts you.
* * * LOW HITPOINT WARNING * * *
You are engulfed in flames!!
You die...
Your body crumbles into a pile of gold.

#################################
......)..Ou.uucW.................
))....)..puuDuYOuO...............
))....)).#######@################
)........####..$$.####...........
.........##..#####..##.....#.....
.........#.#########.'.#.#.#..#..
########.#.......(...#.....#.....
#.#.#########.#..#.....#..
#.##..#####..##.....#..#.#
#.####.....####..#.....#..
#u#############...........


You could see a fire dragon, 7 ugly things, a centaur warrior, 2 two-headed
ogres, an ogre mage, an ironbrand convoker (unaware), a freezing wraith and a
yak shaped shifter.

Vanquished Creatures
  Arachne (Spider:4)
  A tentacled monstrosity (Vaults:3)
  A sphinx (Vaults:3)
  Agnes (Spider:1)
  2 tengu reavers
  2 storm dragons
  12 vault wardens
  3 frost giants
  2 ghost moths (Spider:4)
  12 ironheart preservers
  3 emperor scorpions (Spider:4)
  A stone giant (Vaults:3)
  3 very ugly things (Vaults:3)
  Nessos (D:13)
  4 entropy weavers
  A war gargoyle (Vaults:4)
  2 spark wasps
  2 deep elf annihilators
  Azrael (D:14)
  3 ettins
  A red draconian (Volcano)
  A deep elf death mage (Vaults:3)
  Snorg (D:13)
  Josephine (D:14)
  2 great orbs of eyes
  Fannar (Lair:2)
  10 hydras
  4 fire dragons
  18 vault guards
  9 yaktaur captains
  2 ice dragons
  3 centaur warriors
  A catoblepas (Lair:4)
  33 two-headed ogres
  2 death knights
  14 ogre magi
  8 death scarabs (Spider:4)
  5 death yaks
  The ghost of Luthien the Destroyer, a journeyman DECj of Vehumet (D:11)
  Urug (D:13)
  2 deep elf knights
  Sonja (D:11)
  A skeletal warrior (Vaults:2)
  A shadow wraith (Vaults:4)
  2 spectral emperor scorpions (Spider:4)
  A fire crab (shapeshifter) (Vaults:2)
  5 deep trolls
  An unseen horror (shapeshifter) (Vaults:2)
  16 ironbrand convokers
  2 flayed ghosts (Vaults:2)
  3 unseen horrors
  3 deep elf archers
  2 wizards
  A spectral wolf spider (Spider:4)
  A necromancer (Lair:5)
  5 wolf spider zombies (Spider:4)
  8 orb spiders
  11 orc knights
  13 ugly things
  19 wolf spiders
  10 orc sorcerers
  12 deep elf magi
  8 harpies (Vaults:1)
  An elephant (Lair:4)
  2 manticores
  5 black mambas
  8 vault sentinels
  5 cyclopes
  A centaur zombie (D:15)
  A merfolk siren (Lair:3)
  A torpor snail (Spider:4)
  4 moths of wrath
  25 spiny frogs
  5 gargoyles
  An eye of devastation (Lair:5)
  A molten gargoyle (Volcano)
  3 spectral redbacks (Spider:4)
  A rime drake (Lair:6)
  6 freezing wraiths
  13 demonic crawlers
  39 yaktaurs
  2 komodo dragons
  2 jumping spiders (shapeshifter)
  A harpy zombie (D:15)
  A tengu conjurer (D:14)
  4 tyrant leeches (Lair:6)
  9 trolls
  30 jumping spiders
  2 polar bears
  A blink frog (shapeshifter) (Vaults:2)
  4 spectral jumping spiders (Spider:4)
  A raiju (shapeshifter) (Vaults:3)
  34 blink frogs
  9 hornets
  21 slime creatures
  2 spectral tarantellas (Spider:4)
  10 hippogriffs
  A tarantella zombie (Spider:4)
  3 jumping spider zombies (Spider:4)
  A redback (shapeshifter) (Vaults:1)
  5 wraiths
  A shadow (D:15)
  51 redbacks
  7 fire elementals
  9 wyverns
  A human (shapeshifter) (Vaults:2)
  22 yaks
  27 tarantellas
  4 spriggans (D:11)
  5 fire bats (Volcano)
  A water elemental (D:14)
  4 hogs (D:7)
  A human (D:7)
  5 basilisks
  A steam dragon (D:8)
  A hungry ghost (D:10)
  11 wargs
  6 vampire mosquitoes
  Edmund (D:6)
  An acid dragon (Vaults:1)
  A soldier ant (D:14)
  4 hell hounds
  7 water moccasins
  An elephant zombie (Lair:5)
  5 porcupines
  32 orc warriors
  An ice beast (shapeshifter) (Vaults:3)
  2 ice beasts (D:5)
  A hornet zombie (Spider:4)
  3 sky beasts
  2 eyes of draining
  4 black bears
  A necrophage (D:8)
  A phantom (D:9)
  6 wolves
  34 ogres
  5 boggarts (Vaults:1)
  21 centaurs
  12 crocodiles
  A big kobold (D:7)
  21 bullfrogs
  4 earth elementals (Spider:3)
  A gnoll sergeant (D:11)
  5 scorpions
  A wyvern skeleton (D:14)
  26 wights
  13 killer bees
  5 electric eels
  8 lava snakes
  A howler monkey (D:4)
  7 crimson imps
  5 hounds
  2 bullfrog zombies
  4 jellies
  A basilisk zombie (Lair:5)
  16 orc priests
  2 quasits
  A gnoll shaman (D:7)
  7 centaur skeletons
  4 iguanas
  Ijyb (D:3)
  Terence (D:3)
  39 orc wizards
  3 worker ants
  A crocodile zombie (Lair:5)
  2 hound zombies
  A howler monkey zombie (D:6)
  A worker ant zombie (D:9)
  7 gnolls
  16 adders
  7 shadow imps
  2 oozes
  An adder zombie (D:9)
  An adder skeleton (D:4)
  3 worms
  3 dart slugs
  6 leopard geckos
  135 orcs
  6 giant cockroaches
  7 goblins
  3 hobgoblins
  4 jackals (D:9)
  2 quokkas
  A ball python (D:3)
  3 bats
  6 frilled lizards
  7 kobolds
  A quokka skeleton (D:6)
  6 rats
  2 fungi (Lair:6)
1284 creatures vanquished.

Vanquished Creatures (collateral kills)
  A vault warden (Vaults:3)
1 creature vanquished.

Vanquished Creatures (others)
  Sojobo (Vaults:3)
  A salamander (shapeshifter) (Vaults:3)
  An orc wizard (Orc:2)
  A bush (D:6)
  13 fungi
  38 plants
55 creatures vanquished.

Grand Total: 1340 creatures vanquished

Notes
Turn   | Place    | Note
-------+----------+-------------------------------------------
     0 | D:1      | vishdafish the Gnoll Fighter began the quest for the Orb.
     0 | D:1      | Reached XP level 1. HP: 23/23 MP: 1/1
    88 | D:1      | Reached XP level 2. HP: 26/29 MP: 2/2
   606 | D:2      | Reached XP level 3. HP: 28/35 MP: 3/3
   672 | D:2      | Reached skill level 1 in Invocations
   751 | D:2      | Reached skill level 1 in Short Blades
   751 | D:2      | Reached skill level 1 in Axes
   751 | D:2      | Reached skill level 1 in Maces & Flails
   751 | D:2      | Reached skill level 1 in Polearms
   751 | D:2      | Reached skill level 1 in Staves
   751 | D:2      | Reached skill level 1 in Slings
   751 | D:2      | Reached skill level 1 in Bows
   751 | D:2      | Reached skill level 1 in Crossbows
   751 | D:2      | Reached skill level 1 in Throwing
   751 | D:2      | Reached skill level 1 in Dodging
   751 | D:2      | Reached skill level 1 in Stealth
   751 | D:2      | Reached skill level 1 in Unarmed Combat
   751 | D:2      | Reached skill level 1 in Spellcasting
   751 | D:2      | Reached skill level 1 in Evocations
   754 | D:2      | Found a shadowy altar of Dithmenos.
   763 | D:2      | Reached XP level 4. HP: 22/41 MP: 5/5
  1319 | D:3      | Noticed a centaur
  1325 | D:3      | Noticed Ijyb
  1343 | D:3      | Killed a centaur
  1343 | D:3      | Reached skill level 1 in Conjurations
  1343 | D:3      | Reached skill level 1 in Hexes
  1343 | D:3      | Reached skill level 1 in Charms
  1343 | D:3      | Reached skill level 1 in Summonings
  1343 | D:3      | Reached skill level 1 in Necromancy
  1343 | D:3      | Reached skill level 1 in Translocations
  1343 | D:3      | Reached skill level 1 in Transmutations
  1343 | D:3      | Reached skill level 1 in Fire Magic
  1343 | D:3      | Reached skill level 1 in Ice Magic
  1343 | D:3      | Reached skill level 1 in Air Magic
  1343 | D:3      | Reached skill level 1 in Earth Magic
  1343 | D:3      | Reached skill level 1 in Poison Magic
  1343 | D:3      | Reached XP level 5. HP: 46/47 MP: 5/7
  1348 | D:3      | Noticed Terence
  1350 | D:3      | Killed Ijyb
  1357 | D:3      | Killed Terence
  1357 | D:3      | Reached XP level 6. HP: 48/53 MP: 8/8
  1503 | D:3      | Found a white marble altar of Elyvilon.
  1702 | D:4      | Reached skill level 5 in Long Blades
  1780 | D:4      | Found Neeriniff's Distillery.
  1783 | D:4      | Bought a potion of magic for 96 gold pieces
  1783 | D:4      | Bought a potion of haste for 120 gold pieces
  1820 | D:4      | Reached XP level 7. HP: 38/59 MP: 10/10
  2159 | D:5      | Entered Level 5 of the Dungeon
  2160 | D:5      | Found Goymay's Antique Weapon Shop.
  2560 | D:5      | Reached XP level 8. HP: 64/67 MP: 12/12
  3023 | D:6      | Noticed a hippogriff
  3056 | D:6      | Killed a hippogriff
  3263 | D:6      | Noticed Edmund
  3277 | D:6      | Killed Edmund
  3293 | D:6      | Reached XP level 9. HP: 69/72 MP: 14/14
  3991 | D:7      | Found a staircase to the Ecumenical Temple.
  4002 | Temple   | Entered the Ecumenical Temple
  4108 | Temple   | Became a worshipper of Gozag Ym Sagoz the Greedy
  4922 | D:7      | Reached skill level 5 in Invocations
  4940 | D:7      | Reached XP level 10. HP: 54/80 MP: 15/17
  5046 | D:8      | Found a staircase to the Lair.
  5718 | D:8      | Reached skill level 5 in Short Blades
  5718 | D:8      | Reached skill level 5 in Axes
  5718 | D:8      | Reached skill level 5 in Maces & Flails
  5718 | D:8      | Reached skill level 5 in Polearms
  5718 | D:8      | Reached skill level 5 in Staves
  5718 | D:8      | Reached skill level 5 in Slings
  5718 | D:8      | Reached skill level 5 in Bows
  5718 | D:8      | Reached skill level 5 in Crossbows
  5718 | D:8      | Reached skill level 5 in Throwing
  5718 | D:8      | Reached skill level 5 in Dodging
  5718 | D:8      | Reached skill level 5 in Stealth
  5718 | D:8      | Reached skill level 5 in Unarmed Combat
  5718 | D:8      | Reached skill level 5 in Spellcasting
  5718 | D:8      | Reached skill level 5 in Evocations
  7270 | D:9      | Reached XP level 11. HP: 77/86 MP: 19/19
  7758 | D:10     | Entered Level 10 of the Dungeon
  7908 | D:10     | Found Lapruj's Armour Emporium.
  7965 | D:10     | HP: 4/87 [gargoyle/stone arrow (26)]
  8405 | D:10     | Reached skill level 5 in Conjurations
  8405 | D:10     | Reached skill level 5 in Hexes
  8405 | D:10     | Reached skill level 5 in Charms
  8405 | D:10     | Reached skill level 5 in Summonings
  8405 | D:10     | Reached skill level 5 in Necromancy
  8405 | D:10     | Reached skill level 5 in Translocations
  8405 | D:10     | Reached skill level 5 in Transmutations
  8405 | D:10     | Reached skill level 5 in Fire Magic
  8405 | D:10     | Reached skill level 5 in Ice Magic
  8405 | D:10     | Reached skill level 5 in Air Magic
  8405 | D:10     | Reached skill level 5 in Earth Magic
  8405 | D:10     | Reached skill level 5 in Poison Magic
  9312 | Lair:1   | Entered Level 1 of the Lair of Beasts
  9902 | Lair:1   | Reached XP level 12. HP: 97/97 MP: 20/22
 10489 | Lair:1   | Noticed a four-headed hydra
 10496 | Lair:1   | Killed a four-headed hydra
 10921 | Lair:2   | Noticed a six-headed hydra
 10931 | Lair:2   | Killed a six-headed hydra
 10931 | Lair:2   | Reached XP level 13. HP: 29/103 MP: 24/24
 11329 | Lair:2   | Noticed Fannar
 11684 | D:11     | Found a deep blue altar of Sif Muna.
 11858 | D:11     | Noticed Sonja
 11863 | D:11     | Killed Sonja
 11863 | D:11     | Reached skill level 10 in Fighting
 11863 | D:11     | Reached skill level 10 in Armour
 11863 | D:11     | Reached skill level 10 in Shields
 12114 | D:11     | Found a runed translucent door.
 12115 | D:11     | Noticed Luthien's ghost (journeyman DECj)
 12167 | D:11     | Identified the +11 trident of Insufficient Pleasure {pain,
                  | Str+4}
 12786 | D:11     | Killed Luthien's ghost
 13716 | D:12     | Found a staircase to the Orcish Mines.
 14442 | D:5      | Bought the +10 zealot's sword {holy, *Rage rN+ EV+3} for
                  | 2529 gold pieces
 14442 | D:5      | Found the +10 zealot's sword {holy, *Rage rN+ EV+3}
 14831 | Lair:2   | Killed Fannar
 15879 | Lair:3   | Found a staircase to the Shoals.
 15896 | Lair:3   | Reached XP level 14. HP: 92/111 MP: 26/26
 16133 | Lair:3   | Found a transporter.
 16160 | Lair:3   | Found a hole to the Spider Nest.
 16313 | Lair:3   | Found a transporter.
 17416 | Lair:3   | Reached skill level 10 in Long Blades
 18601 | Lair:5   | Found a staircase to the Slime Pits.
 18712 | Lair:5   | Found a dark tunnel.
 18762 | Volcano  | Entered a volcano
 18919 | Volcano  | Noticed a red draconian
 18950 | Volcano  | Found a burning altar of Makhleb.
 18956 | Volcano  | Reached skill level 10 in Invocations
 18966 | Volcano  | Killed a red draconian
 19248 | Volcano  | Identified a +0 pair of boots of running (You found it in a
                  | volcano)
 20061 | Lair:6   | Entered Level 6 of the Lair of Beasts
 21163 | Lair:5   | Reached XP level 15. HP: 119/119 MP: 28/28
 23496 | D:10     | Bought the +7 Kryia's mail coat {PotionHeal*2 rC+} for 720
                  | gold pieces
 23496 | D:10     | Found the +7 Kryia's mail coat {PotionHeal*2 rC+}
 23647 | D:4      | Bought a potion of flight for 36 gold pieces
 23647 | D:4      | Bought a potion of lignification for 36 gold pieces
 23647 | D:4      | Bought a potion of agility for 48 gold pieces
 23647 | D:4      | Bought a potion of heal wounds for 60 gold pieces
 23647 | D:4      | Bought a potion of curing for 36 gold pieces
 23647 | D:4      | Bought a potion of curing for 36 gold pieces
 23647 | D:4      | Bought a potion of heal wounds for 60 gold pieces
 23647 | D:4      | Bought a potion of lignification for 36 gold pieces
 23647 | D:4      | Bought a potion of invisibility for 96 gold pieces
 23647 | D:4      | Bought a potion of berserk rage for 60 gold pieces
 23647 | D:4      | Bought a potion of mutation for 96 gold pieces
 23647 | D:4      | Bought a potion of curing for 36 gold pieces
 23651 | D:4      | Gained mutation: You are dopey. (Int -2) [potion of
                  | mutation]
 23651 | D:4      | Gained mutation: Your skin changes colour to match your
                  | surroundings (Stealth+). [potion of mutation]
 23652 | D:4      | Lost mutation: You are dopey. (Int -2) [potion of mutation]
 23652 | D:4      | Lost mutation: Your skin changes colour to match your
                  | surroundings (Stealth+). [potion of mutation]
 23652 | D:4      | Gained mutation: Your magical capacity is low. (-10% MP)
                  | [potion of mutation]
 23652 | D:4      | Gained mutation: Your spells are a little easier to cast,
                  | but a little less powerful. [potion of mutation]
 23652 | D:4      | Gained mutation: You have a pair of small antennae on your
                  | head. [potion of mutation]
 23653 | D:4      | Lost mutation: Your spells are a little easier to cast, but
                  | a little less powerful. [potion of mutation]
 23653 | D:4      | Lost mutation: Your magical capacity is low. (-10% MP)
                  | [potion of mutation]
 23653 | D:4      | Gained mutation: You have a pair of antennae on your head.
                  | [potion of mutation]
 23653 | D:4      | Gained mutation: Your magical capacity is low. (-10% MP)
                  | [potion of mutation]
 23653 | D:4      | Gained mutation: You passively map a small area around you.
                  | [potion of mutation]
 23654 | D:4      | Lost mutation: You passively map a small area around you.
                  | [potion of mutation]
 23654 | D:4      | Lost mutation: You have a pair of antennae on your head.
                  | [potion of mutation]
 23654 | D:4      | Lost mutation: Your magical capacity is low. (-10% MP)
                  | [potion of mutation]
 23654 | D:4      | Gained mutation: You have sharp toenails. [potion of
                  | mutation]
 23654 | D:4      | Gained mutation: You are robust. (+10% HP) [potion of
                  | mutation]
 23867 | Orc:1    | Entered Level 1 of the Orcish Mines
 24579 | Orc:2    | Entered Level 2 of the Orcish Mines
 24704 | Orc:2    | Found Ykoa's General Store.
 24704 | Orc:2    | Found Wuud's Assorted Antiques.
 24941 | Orc:2    | Bought a scroll labeled NEMA LOATRUISO for 29 gold pieces
 24941 | Orc:2    | Bought a scroll labeled YXKIES ROMUZAC for 29 gold pieces
 24941 | Orc:2    | Bought a scroll of enchant armour for 217 gold pieces
 24941 | Orc:2    | Bought a scroll of enchant weapon for 217 gold pieces
 24941 | Orc:2    | Bought a scroll labeled IMICUA QEIMA for 29 gold pieces
 24950 | Orc:2    | Found a roughly hewn altar of Beogh.
 25096 | Orc:2    | Reached skill level 10 in Short Blades
 25096 | Orc:2    | Reached skill level 10 in Axes
 25096 | Orc:2    | Reached skill level 10 in Maces & Flails
 25096 | Orc:2    | Reached skill level 10 in Polearms
 25096 | Orc:2    | Reached skill level 10 in Staves
 25096 | Orc:2    | Reached skill level 10 in Slings
 25096 | Orc:2    | Reached skill level 10 in Bows
 25096 | Orc:2    | Reached skill level 10 in Crossbows
 25096 | Orc:2    | Reached skill level 10 in Throwing
 25096 | Orc:2    | Reached skill level 10 in Dodging
 25096 | Orc:2    | Reached skill level 10 in Stealth
 25096 | Orc:2    | Reached skill level 10 in Unarmed Combat
 25096 | Orc:2    | Reached skill level 10 in Spellcasting
 25096 | Orc:2    | Reached skill level 10 in Evocations
 25206 | Orc:2    | Found a roughly hewn altar of Beogh.
 25468 | Orc:2    | Found Reaj's Jewellery Shoppe.
 25468 | Orc:2    | Found Veosofo's Weapon Shop.
 25647 | Orc:2    | Found a staircase to the Elven Halls.
 25849 | Orc:2    | Found Asuy's Antique Weapon Emporium.
 25987 | D:13     | Noticed Urug
 25995 | D:13     | Killed Urug
 26035 | D:13     | Found a sparkling altar of Nemelex Xobeh.
 26142 | D:13     | Noticed Nessos
 26157 | D:13     | Killed Nessos
 26371 | D:13     | Noticed Snorg
 26381 | D:13     | Killed Snorg
 26540 | D:13     | Found Wimus's Armour Shoppe.
 26735 | D:14     | Noticed Azrael
 26749 | D:14     | Killed Azrael
 27037 | D:14     | Reached XP level 16. HP: 122/139 MP: 30/30
 27059 | D:14     | Found a gate to the Vaults.
 27211 | D:14     | Found Jasoasulei's Food Shoppe.
 27444 | D:14     | Noticed Josephine
 27456 | D:14     | Killed Josephine
 27812 | D:15     | Entered Level 15 of the Dungeon
 28408 | D:15     | Found a staircase to the Depths.
 28589 | D:15     | Bought a pair of polished boots for 313 gold pieces
 28601 | D:15     | Identified the cursed -2 pair of boots of Eternal Vigilance
                  | {rPois} (You bought it in a shop on level 15 of the
                  | Dungeon)
 28609 | D:15     | Bought a runed cloak for 247 gold pieces
 28896 | Spider:1 | Entered Level 1 of the Spider Nest
 29245 | Spider:1 | Noticed Agnes
 29254 | Spider:1 | Killed Agnes
 31555 | Spider:3 | Reached XP level 17. HP: 148/148 MP: 32/32
 31656 | Spider:4 | Entered Level 4 of the Spider Nest
 31657 | Spider:4 | Noticed Arachne
 31678 | Spider:4 | Killed Arachne
 33972 | Spider:4 | Got a gossamer rune of Zot
 34531 | Vaults:1 | Entered Level 1 of the Vaults
 34606 | Vaults:1 | Learned a level 2 spell: Blink
 34609 | Vaults:1 | Learned a level 2 spell: Song of Slaying
 34613 | Vaults:1 | Learned a level 3 spell: Tukima's Dance
 35042 | Vaults:1 | Found Ruheoph's Food Emporium.
 35160 | Vaults:1 | Reached skill level 10 in Conjurations
 35160 | Vaults:1 | Reached skill level 10 in Hexes
 35160 | Vaults:1 | Reached skill level 10 in Charms
 35160 | Vaults:1 | Reached skill level 10 in Summonings
 35160 | Vaults:1 | Reached skill level 10 in Necromancy
 35160 | Vaults:1 | Reached skill level 10 in Translocations
 35160 | Vaults:1 | Reached skill level 10 in Transmutations
 35160 | Vaults:1 | Reached skill level 10 in Fire Magic
 35160 | Vaults:1 | Reached skill level 10 in Ice Magic
 35160 | Vaults:1 | Reached skill level 10 in Air Magic
 35160 | Vaults:1 | Reached skill level 10 in Earth Magic
 35160 | Vaults:1 | Reached skill level 10 in Poison Magic
 35160 | Vaults:1 | Reached XP level 18. HP: 157/157 MP: 33/33
 36297 | Vaults:1 | Found Loiduop's Armour Shoppe.
 37737 | Vaults:2 | Found Secamid's Gadget Boutique.
 37745 | Vaults:2 | Bought a wand of acid (8) for 456 gold pieces
 38303 | Vaults:2 | Reached XP level 19. HP: 165/165 MP: 35/35
 38429 | Vaults:2 | Found a staircase to the Crypt.
 38429 | Vaults:2 | Found an ancient bone altar of Kikubaaqudgha.
 38430 | Vaults:2 | Found a basalt altar of Yredelemnul.
 38554 | Vaults:2 | Found Jyofyoff's General Store.
 38617 | Vaults:2 | Bought a potion of might for 76 gold pieces
 38874 | Vaults:2 | Found Zeemen's Food Shoppe.
 39336 | Vaults:3 | Noticed Sojobo
 39425 | Vaults:3 | HP: 2/166 [storm dragon/bolt of lightning (31)]
 40986 | Vaults:3 | Killed Sojobo
 41550 | Vaults:3 | Noticed a tentacled monstrosity
 41554 | Vaults:3 | Killed a tentacled monstrosity
 41748 | Vaults:3 | Reached XP level 20. HP: 113/174 MP: 36/36
 43572 | Vaults:4 | Mangled by a red ugly thing

Skill      XL: |  1  2  3  4  5  6  7  8  9 10 11 12 13 14 15 16 17 18 19 20 |
---------------+-------------------------------------------------------------+-----
Invocations    | 1 2 3 4 5 6 7 8 9 10 11 12 13 14 | 14.3
Short Blades   | 1 2 3 4 5 7 8 9 10 11 12 13 | 13.2
Axes           | 1 2 3 4 5 7 8 9 10 11 12 13 | 13.2
Maces & Flails | 1 2 3 4 5 7 8 9 10 11 12 13 | 13.2
Polearms       | 1 2 3 4 5 7 8 9 10 11 12 13 | 13.2
Staves         | 1 2 3 4 5 7 8 9 10 11 12 13 | 13.2
Slings         | 1 2 3 4 5 7 8 9 10 11 12 13 | 13.2
Bows           | 1 2 3 4 5 7 8 9 10 11 12 13 | 13.2
Crossbows      | 1 2 3 4 5 7 8 9 10 11 12 13 | 13.2
Throwing       | 1 2 3 4 5 7 8 9 10 11 12 13 | 13.2
Dodging        | 1 2 3 4 5 7 8 9 10 11 12 13 | 13.2
Stealth        | 1 2 3 4 5 7 8 9 10 11 12 13 | 13.2
Unarmed Combat | 1 2 3 4 5 7 8 9 10 11 12 13 | 13.2
Spellcasting   | 1 2 3 4 5 7 8 9 10 11 12 13 | 13.2
Evocations     | 1 2 3 4 5 7 8 9 10 11 12 13 | 13.2
Conjurations   | 1 2 3 4 5 6 7 8 9 10 11 | 11.4
Hexes          | 1 2 3 4 5 6 7 8 9 10 11 | 11.4
Charms         | 1 2 3 4 5 6 7 8 9 10 11 | 11.4
Summonings     | 1 2 3 4 5 6 7 8 9 10 11 | 11.4
Necromancy     | 1 2 3 4 5 6 7 8 9 10 11 | 11.4
Translocations | 1 2 3 4 5 6 7 8 9 10 11 | 11.4
Transmutations | 1 2 3 4 5 6 7 8 9 10 11 | 11.4
Fire Magic     | 1 2 3 4 5 6 7 8 9 10 11 | 11.4
Ice Magic      | 1 2 3 4 5 6 7 8 9 10 11 | 11.4
Air Magic      | 1 2 3 4 5 6 7 8 9 10 11 | 11.4
Earth Magic    | 1 2 3 4 5 6 7 8 9 10 11 | 11.4
Poison Magic   | 1 2 3 4 5 6 7 8 9 10 11 | 11.4
Long Blades    | 5 6 7 8 9 10 11 12 13 | 13.9
Fighting       | 7 8 9 10 11 12 13 14 | 14.5
Armour         | 7 8 9 10 11 12 13 14 | 14.5
Shields        | 7 8 9 10 11 12 13 14 | 14.5

Action                   |  1- 3 |  4- 6 |  7- 9 | 10-12 | 13-15 | 16-18 | 19-21 || total
-------------------------+-------+-------+-------+-------+-------+-------+-------++-------
Melee: Long sword        |    92 |   111 |   363 |    47 |       |       |       ||   613
       Bite              |    11 |    20 |    78 |    69 |   203 |   252 |   165 ||   798
       Trident           |       |       |    18 |       |   288 |       |       ||   306
       Battleaxe         |       |       |       |   130 |       |       |       ||   130
       Morningstar       |       |       |       |   257 |    84 |       |       ||   341
       Eudemon blade     |       |       |       |       |   946 |  1428 |   807 ||  3181
       Kick              |       |       |       |       |       |    69 |       ||    69
       Scimitar          |       |       |       |       |       |    14 |       ||    14
 Fire: Blowgun           |       |       |       |       |     2 |       |       ||     2
Throw: Javelin           |       |       |    23 |    21 |    44 |     9 |     7 ||   104
       Throwing net      |       |       |     1 |       |       |     1 |       ||     2
Invok: Potion Petition   |       |       |       |     1 |     1 |       |     1 ||     3
       Call Merchant     |       |       |       |       |       |     1 |       ||     1
Evoke: Wand              |       |     1 |       |     3 |    29 |    10 |    14 ||    57
       Lamp of fire      |       |       |       |       |     3 |     6 |       ||     9
       Phial of floods   |       |       |       |       |     1 |     1 |     1 ||     3
       Fan of gales      |       |       |       |       |     3 |     3 |       ||     6
  Use: Potion            |       |     4 |       |     5 |    10 |     6 |     6 ||    31
       Scroll            |       |       |     7 |     2 |    16 |     5 |     3 ||    33
 Stab: Distracted        |       |       |       |     3 |    12 |    11 |     7 ||    33
       Sleeping          |       |       |       |     8 |    17 |    14 |     6 ||    45
       Paralysed         |       |       |       |       |     7 |       |       ||     7
       Invisible         |       |       |       |       |       |     3 |    15 ||    18
  Eat: Chunk             |       |     3 |     5 |       |       |       |       ||     8
       Ration            |       |       |     2 |     6 |    15 |    11 |     5 ||    39
Armor: Scale mail        |    25 |    58 |   137 |   114 |   214 |   276 |   112 ||   936
Dodge: Dodged            |    23 |    41 |   214 |   281 |   697 |   767 |   335 ||  2358
Block: Shield            |    50 |   105 |   279 |   199 |   720 |   800 |   331 ||  2484
       Rpst.: Long sword |     6 |    15 |    56 |     2 |       |       |       ||    79
       Eudemon blade     |       |       |       |       |   123 |   172 |    57 ||   352
